 Dungeon Crawl Stone Soup version 0.31-a0-1159-g800acc2fd1 (webtiles) character file.

Game seed: 14858539153566694295

217 Malachi the Scratcher (level 5, 27/27 HPs)
             Began as a Felid Shapeshifter on Dec 8, 2023.
             Was an Initiate of Gozag.
             Got out of the dungeon alive.
             The game lasted 00:04:02 (3441 turns).

Malachi the Scratcher (Felid Shapeshifter)          Turns: 3441, Time: 00:04:02

Health: 27/27      AC:  5    Str: 10    XL:     5   Next: 61%
Magic:  6/6        EV: 17    Int: 16    God:    Gozag
Gold:   269        SH:  5    Dex: 17    Spells: 4/4 levels left
                                        Lives:  0   Deaths: 2

rFire   . .          .
                       - Unarmed
rCold   . . .        (shield unavailable)
rNeg    . . .        (body armour unavailable)
rPois   .            (helmet unavailable)
rElec   .            (cloak unavailable)
rCorr   .            (gloves unavailable)
SInv    +            (boots unavailable)
Will    ++...        e - amulet "Puygh" {Reflect Will++ Int+2 SH+5}
Stlth   ++           q - +4 ring of protection
HPRegen 0.24/turn    (no ring)
MPRegen 0.10/turn

%: reflection
@: beast-form
A: beast (slay +1), very small, claws 1, fangs 3, see invisible, shaggy fur 1,
stealthy paws, no weapons or thrown items, no armour, multi-lived
a: Begin Untransformation, Renounce Religion, Potion Petition, Call Merchant,
Bribe Branch


You escaped.
You worshipped Gozag.
Gozag was aware of your devotion.
You were a hulking beast.
You visited 1 branch of the dungeon, and saw 4 of its levels.

You collected 321 gold pieces.
You paid 52 gold pieces to Gozag.

Inventory:

Jewellery
 e - the amulet "Puygh" (around neck) {Reflect Will++ Int+2 SH+5}
   (You acquired it on level 2 of the Dungeon)

   [amulet of reflection]

   Reflect:   It reflects blocked missile attacks.
   Int+2:     It affects your intelligence (+2).
   Will++:    It greatly increases your willpower.
   SH+5:      It affects your SH (+5).
 q - a +4 ring of protection (left paw)
Talismans
 b - a beast talisman
 c - a flux talisman
 s - a blade talisman
Wands
 n - a wand of mindburst (8)
 t - a wand of acid (5)
Scrolls
 d - a scroll of poison
 f - 4 scrolls of identify
 h - a scroll of torment
 j - a scroll of fog {unknown}
 o - 3 scrolls of vulnerability {unknown}
 r - a scroll of immolation {unknown}
 u - 2 scrolls of teleportation {unknown}
 v - a scroll of summoning {unknown}
Potions
 a - a potion of lignification
 g - 2 potions of curing
 i - 2 potions of might {unknown}
 k - 2 potions of berserk rage {unknown}
 l - 2 potions of haste {unknown}
 m - a potion of heal wounds {unknown}
 p - a potion of enlightenment {unknown}


   Skills:
 + Level 2.7 Fighting
 - Level 2.6 Dodging
 + Level 5.8 Unarmed Combat
 - Level 2.6 Shapeshifting


You had 4 spell levels left.
You didn't know any spells.
Your spell library contained the following spells:

 Spells                   Type           Power      Damage    Failure   Level
 Ensorcelled Hibernation  Hex/Ice        0%         N/A       36%         2
 Jinxbite                 Hex            0%         N/A       36%         2
 Anguish                  Hex/Necr       0%         N/A       94%         4
 Haunt                    Necr/Summ      0%         N/A       100%        7
 Infestation              Necr           0%         N/A       100%        8
 Animate Dead             Necr           Unusable   N/A       N/A         4

Dungeon Overview and Level Annotations

Branches:
Dungeon (4/15)
 Temple: D:4-7

Altars:
Gozag
Makhleb

Annotations:
D:3 1 runed translucent door, Bnni's ghost, amateur MiFi


Innate Abilities, Weirdness & Mutations

You are a hulking beast.
Your limbs bulge with bestial killing power. (Slay +1)
You have sharp claws.
You have razor-sharp teeth.
You have supernaturally acute eyesight. (SInv)
You are covered in fur. (AC +1)
Your paws help you pounce on unaware monsters.
You are incapable of wielding weapons or throwing items.
You cannot wear armour.
You gain extra lives every three experience levels.


Message History

No target in view!
No target in view!
No target in view!
No target in view!
No target in view!
No target in view!
No target in view!
No target in view!
No target in view!
No target in view!
You now have 250 gold pieces (gained 10).
You see here a +0 club.
You now have 256 gold pieces (gained 6).
You see here a +0 spear.
You see here a +0 club.
You now have 269 gold pieces (gained 13).
You see here a +0 whip.
You see here a +0 whip.
You see here a +0 club.
You see here a +0 spear.
Done exploring.
Done exploring.
Done exploring.
Done exploring.
Done exploring.
There is a stone staircase leading up here.
You climb upwards.
Level annotation: 1 runed translucent door, Bnni's ghost, amateur MiFi
There is a stone staircase leading down here.
Unknown command.
There is a stone staircase leading up here.
You climb upwards.
There is a stone staircase leading down here.
There is a stone staircase leading up here.
You climb upwards.
There is a stone staircase leading down here.
You open the door.
There is an open door here.
There is a staircase leading out of the dungeon here.
You have escaped!

#######......##.#####
#......
#...........#......#
##......
#.####.....#.#.###.#
#......#
##.####......###.##.#
#.#.....
............#####.#.#
#...####
.#.##..#.........##.#
###.####
.#.##..#.(######'##.#
#.....
.#...........##...#.#
######
.##.##.##.##.##.h.#.#
.......##.##.##...#.#
###.#####....###'##.#
###.#####....###....#
.......##.......##..#
.##.##.##.......###.##
.##.##.##.......##...##
.#.)##.##.......#.#.#.##
.#.###.##........##.##.##


There were no monsters in sight!

Vanquished Creatures
  An ogre (D:4)
  A hound (D:3)
  3 gnolls (D:4)
  2 adders
  A worm (D:2)
  2 dart slugs
  2 orcs (D:3)
  2 ball pythons (D:3)
  10 endoplasms
  3 giant cockroaches
  3 goblins
  5 hobgoblins
  3 quokkas
  4 frilled lizards
  6 kobolds
  6 rats
54 creatures vanquished.

Notes
Turn   | Place    | Note
-------+----------+-------------------------------------------
     0 | D:1      | Malachi the Felid Shapeshifter began the quest for the Orb.
     0 | D:1      | Reached XP level 1. HP: 10/10 MP: 2/2
   132 | D:1      | Reached XP level 2. HP: 9/14 MP: 3/3
   458 | D:1      | Reached skill level 4 in Unarmed Combat
   948 | D:2      | Reached XP level 3. HP: 18/18 MP: 4/4
  1613 | D:2      | Identified a scroll of acquirement
  1615 | D:2      | Acquired the amulet "Puygh" {Reflect Will++ Int+2 SH+5}
  1675 | D:3      | Reached skill level 5 in Unarmed Combat
  1675 | D:3      | Reached XP level 4. HP: 15/22 MP: 5/5
  2104 | D:3      | Found a burning altar of Makhleb.
  2209 | D:3      | Found a runed translucent door.
  2212 | D:3      | Noticed Bnni's ghost (amateur MiFi)
  2374 | D:3      | Found an opulent altar of Gozag.
  2609 | D:3      | Became a worshipper of Gozag Ym Sagoz the Greedy
  2685 | D:4      | Identified the +0 chain mail of the New World {rPois rCorr
                  | Dex+3}
  2817 | D:4      | Noticed an ogre
  2824 | D:4      | Slain by an ogre
  2904 | D:4      | Killed an ogre
  2905 | D:4      | Reached XP level 5. HP: 27/27 MP: 6/6
  3090 | D:4      | Slain by a gnoll
  3441 | D:$      | Got out of the dungeon alive.

Illustrated notes

Levels and vault maps discovered:
D:1:      dpeg_arrival_tiny_h, layout_loops_cross,
          minmay_misc_feat_secret_circle
D:2:      layout_basic, shapermc_ecumenical_altar_hornbeckon,
          minmay_misc_feat_tower, serial_bayou_ford_a, serial_bayou_lake_a
D:3:      layout_loops_ring, mainiacjoe_overflow_alcove_4,
          mainiacjoe_overflow_cross_hatched, ebering_ghost_reflecting_pool
D:4:      layout_loops_ring

Skill      XL: |  1  2  3  4 |
---------------+-------------+-----
Unarmed Combat | 4 5 |  5.8
Fighting       | 2 |  2.7
Dodging        | |  2.6
Shapeshifting  | |  2.6

Action                     |  1- 3 |  4- 6 || total
---------------------------+-------+-------++-------
  Melee: Unarmed           |    64 |    50 ||   114
         Bite              |     6 |     4 ||    10
         Punch             |     2 |     2 ||     4
  Evoke: Wand              |       |     5 ||     5
    Use: Scroll            |     4 |       ||     4
         Potion            |     1 |       ||     1
   Stab: Sleeping          |     4 |     1 ||     5
 Armour: Skin              |    18 |    14 ||    32
  Dodge: Dodged            |    37 |    21 ||    58
  Block: Other             |     2 |     7 ||     9

Table legend: (Time is in decaauts)
 A = Elapsed time spent in this place.
 B = Non-inter-level travel time spent in this place.
 C = Inter-level travel time spent in this place.
 D = Time resting spent in this place.
 E = Time spent auto-exploring this place.
 F = Levels seen in this place.
 G = Mean time per level.
                   A        B        C        D        E       F      G
               +--------+--------+--------+--------+--------+-----+--------+
         Total |   3448 |   3197 |    251 |    406 |   2347 |   4 |  862.0 |
       Dungeon |   3448 |   3197 |    251 |    406 |   2347 |   4 |  862.0 |
               +--------+--------+--------+--------+--------+-----+--------+

Top non-repeatable levels by time:
     D:3: 1031 daAuts
     D:1: 906 daAuts
     D:2: 769 daAuts
     D:4: 741 daAuts
